[Event "Titled Tuesday Blitz April 25 Late 2023"]
[White "Musovic, Armin"]
[Black "Prieto Aranguren, Alain"]
[WhiteFideId "939935"]
[BlackFideId "2268906"]
[WhiteElo "2322"]
[BlackElo "2209"]
[Result "0-1"]
[Round "04"]
[TimeControl "180+2"]
[Date "2023.04.25"]
[WhiteClock "0:00:06"]
[BlackClock "0:00:36"]

1. a3 a5 2. Nc3 Nc6 3. e4 e5 4. Nf3 Nf6 5. d4 exd4 6. Nd5 Nxd5 7. exd5 Qe7+ 8. Be2 Ne5 9. O-O Nxf3+ 10. Bxf3 Qf6 11. Re1+ Be7 12. d6 cxd6 13. Qe2 Qe5 14. Bf4 Qxe2 15. Rxe2 Kd8 16. Rae1 Bf6 17. Bxd6 Ra6 18. Bb8 Re6 19. Bd5 Rxe2 20. Rxe2 d6 21. Bxf7 Bf5 22. Bxd6 Kd7 23. Bg3 Rf8 24. Bb3 b5 25. a4 b4 26. Bc4 Kc6 27. Bb5+ Kb6 28. b3 Rc8 29. h3 Rxc2 30. Re8 d3 31. Rb8+ Ka7 32. Rf8 d2 33. Bb8+ Kb7 34. Bf4 d1=Q+ 35. Kh2 Qd4 0-1


[Site "https://www.chess.com"]

[Event "Titled Tuesday Blitz April 25 Late 2023"]
[White "Sztokbant, Bernardo Vainzoff"]
[Black "Grinev, Valeriy"]
[WhiteFideId "2115956"]
[BlackFideId "14117517"]
[WhiteElo "2222"]
[BlackElo "2366"]
[Result "1-0"]
[Round "04"]
[TimeControl "180+2"]
[Date "2023.04.25"]
[WhiteClock "0:00:52"]
[BlackClock "0:01:41"]

1. e4 c5 2. Nf3 Nc6 3. d4 cxd4 4. Nxd4 e5 5. Nb5 d6 6. N1c3 a6 7. Na3 b5 8. Nd5 Nf6 9. Bg5 Be7 10. Bxf6 Bxf6 11. c4 b4 12. Nc2 a5 13. g3 Bg5 14. Bg2 O-O 15. O-O Be6 16. b3 Ne7 17. Nde3 Bxe3 18. Nxe3 Qb6 19. Qe2 Rfd8 20. Rad1 a4 21. Rd3 axb3 22. axb3 Ra3 23. Rfd1 Nc8 24. Nf5 Bxf5 25. exf5 h6 26. f6 gxf6 27. Qh5 Kf8 28. Qxh6+ Ke7 29. Rf3 d5 30. cxd5 Rd6 31. Bh3 Na7 32. Qg7 Qd8 33. Re1 Nb5 34. Be6 Rxe6 35. dxe6 Kxe6 36. Qg4+ Ke7 37. Qxb4+ Qd6 38. Qxb5 Ra2 39. Qb7+ Ke6 40. Qc8+ Ke7 41. Rc1 Ra7 42. Rfc3 Rd7 43. Rc7 1-0


[Site "https://www.chess.com"]

[Event "Titled Tuesday Blitz April 25 Late 2023"]
[White "Gerbelli Neto, Eduardo"]
[Black "Adewumi, Tanitoluwa"]
[WhiteFideId "2103281"]
[BlackFideId "30966396"]
[WhiteElo "2178"]
[BlackElo "2283"]
[Result "0-1"]
[Round "04"]
[TimeControl "180+2"]
[Date "2023.04.25"]
[WhiteClock "0:00:18"]
[BlackClock "0:00:13"]

1. e4 c5 2. Nc3 Nc6 3. f4 e6 4. Nf3 d5 5. Bb5 d4 6. Bxc6+ bxc6 7. Ne2 d3 8. cxd3 Qxd3 9. Nc3 Ba6 10. Ne5 Qd6 11. Qa4 Bb7 12. O-O Qd4+ 13. Kh1 Qxa4 14. Nxa4 Ba6 15. Re1 f6 16. Nf3 O-O-O 17. b3 c4 18. Bb2 Bb4 19. Nc3 Nh6 20. h3 Rd7 21. Rac1 cxb3 22. axb3 Kb7 23. d4 Rhd8 24. Red1 Bxc3 25. Bxc3 Nf7 26. Rd2 Rc8 27. Ra2 Nd6 28. e5 fxe5 29. Nxe5 Rdc7 30. Rca1 Bb5 31. Rxa7+ Kb8 32. Nd7+ Rxd7 33. Rxd7 Ne4 34. Be1 c5 35. Raa7 Bxd7 36. Rxd7 cxd4 37. Rxd4 Nf6 38. Bg3 Kb7 39. Kh2 g6 40. Bf2 Nd5 41. Kg3 Rc3+ 42. Kg4 Rxb3 43. g3 Rb2 44. Kf3 Rb3+ 45. Kg2 Kc6 46. Re4 Kd6 47. g4 h5 48. Bg3 Kd7 49. f5 gxf5 50. gxf5 exf5 51. Re5 Ne7 52. Bf2 Ng6 53. Re1 Nf4+ 54. Kf1 Nxh3 55. Rd1+ Ke6 56. Re1+ Kf7 57. Kg2 Nxf2 58. Kxf2 Kf6 59. Rh1 Kg5 60. Rg1+ Kf4 61. Rh1 Rb2+ 62. Kg1 Rb1+ 63. Kh2 Rxh1+ 64. Kxh1 Kg4 65. Kg2 f4 66. Kf2 h4 67. Kg2 h3+ 68. Kh2 f3 69. Kg1 Kg3 70. Kh1 Kf2 71. Kh2 Ke2 72. Kxh3 f2 73. Kg2 f1=Q+ 74. Kg3 Qf5 0-1


[Site "https://www.chess.com"]

[Event "Titled Tuesday Blitz April 25 Late 2023"]
[White "Luong Phuong Hanh"]
[Black "Tarlabasi, Emirhan"]
[WhiteFideId "12401013"]
[BlackFideId "6350275"]
[WhiteElo "2081"]
[BlackElo "2200"]
[Result "0-1"]
[Round "04"]
[TimeControl "180+2"]
[Date "2023.04.25"]
[WhiteClock "0:00:10"]
[BlackClock "0:00:09"]

1. d4 d5 2. c4 e6 3. Nf3 Nf6 4. g3 Be7 5. Bg2 O-O 6. O-O dxc4 7. Qc2 a6 8. a4 Bd7 9. Qxc4 Bc6 10. Bf4 Bd6 11. Bg5 Bd5 12. Qc1 h6 13. Bxh6 gxh6 14. Qxh6 Re8 15. Nc3 Bf8 16. Qg5+ Bg7 17. Qh4 Bxf3 18. Bxf3 Nd5 19. Qg4 Nxc3 20. bxc3 c6 21. e4 e5 22. d5 cxd5 23. exd5 Qd6 24. Rab1 b6 25. Qb4 Qxb4 26. Rxb4 Nd7 27. c4 a5 28. Rb5 Rab8 29. Rfb1 e4 30. Bg4 Ne5 31. Be2 Nf3+ 32. Kg2 Nd4 33. R5b2 Nxe2 34. Rxe2 Bd4 35. Rd1 Bc5 36. g4 Re5 37. Rde1 Rbe8 38. Kg3 Kg7 39. f4 exf3 40. Rxe5 Bd6 41. Kxf3 Rxe5 42. Rb1 Bc5 43. Kf4 Re2 44. h4 Kg6 45. h5+ Kh6 46. Rh1 Bd6+ 47. Kf3 Rc2 48. Ke4 Rxc4+ 49. Kf3 Rf4+ 50. Ke3 Rxg4 51. Rf1 Kg7 52. h6+ Kf8 53. Rf6 Bc5+ 54. Kd3 Rd4+ 55. Kc3 Rxd5 56. h7 Rh5 57. Rf5 Rxh7 58. Kc4 Rh4+ 59. Kd5 Rxa4 60. Kc6 Rd4 61. Kb5 a4 62. Rh5 a3 63. Rh8+ Kg7 64. Ra8 Rb4+ 65. Kc6 Rb2 66. Kd5 a2 67. Kc4 Be7 68. Kc3 Bf6+ 69. Kd3 a1=Q 0-1


[Site "https://www.chess.com"]

[Event "Titled Tuesday Blitz April 25 Late 2023"]
[White "Di Berardino, Diego Rafael"]
[Black "Van Foreest, Machteld"]
[WhiteFideId "2105446"]
[BlackFideId "1051563"]
[WhiteElo "2432"]
[BlackElo "2018"]
[Result "1-0"]
[Round "04"]
[TimeControl "180+2"]
[Date "2023.04.25"]
[WhiteClock "0:00:46"]
[BlackClock "0:00:11"]

1. e4 c5 2. Nf3 e6 3. d4 cxd4 4. Nxd4 Nf6 5. Nc3 Nc6 6. a3 d5 7. Bb5 Bd7 8. exd5 Nxd4 9. Bxd7+ Qxd7 10. Qxd4 Nxd5 11. Nxd5 Qxd5 12. Qxd5 exd5 13. Be3 Rc8 14. O-O-O Bc5 15. Rhe1 O-O 16. Rxd5 Rfe8 17. Kd2 Rcd8 18. c4 Bxe3+ 19. Rxe3 Rxd5+ 20. cxd5 Rd8 21. Kc3 Kf8 22. Kd4 Rc8 23. Re2 Rc1 24. h4 b6 25. g3 Rd1+ 26. Kc4 Rc1+ 27. Kb5 Rc5+ 28. Ka6 Ra5+ 29. Kb7 Rxd5 30. Kxa7 Rd6 31. Ka6 h6 32. Kb5 g5 33. hxg5 hxg5 34. b4 Kg7 35. a4 Kf6 36. a5 bxa5 37. bxa5 Rd1 38. a6 Rb1+ 39. Kc6 Ra1 40. Kb7 Kf5 41. Rb2 Kg4 42. a7 1-0


[Site "https://www.chess.com"]

[Event "Titled Tuesday Blitz April 25 Late 2023"]
[White "Luukkonen, Tommi"]
[Black "Mustafayev, Farid"]
[WhiteFideId "501808"]
[BlackFideId "13408771"]
[WhiteElo "2296"]
[BlackElo "2237"]
[Result "1-0"]
[Round "04"]
[TimeControl "180+2"]
[Date "2023.04.25"]
[WhiteClock "0:02:06"]
[BlackClock "0:00:03"]

1. d4 Nf6 2. c4 e6 3. Nc3 Bb4 4. e3 O-O 5. a3 Bxc3+ 6. bxc3 d5 7. cxd5 Nxd5 8. c4 Nf6 9. Bd3 c5 10. Nf3 b6 11. O-O Bb7 12. Bb2 Nbd7 13. Qe2 Ne4 14. Nd2 Ndf6 15. f3 Nxd2 16. Qxd2 cxd4 17. exd4 Qd6 18. a4 Rfd8 19. Rfd1 Rac8 20. a5 Rd7 21. a6 Ba8 22. d5 exd5 23. Bf5 Rxc4 24. Bxf6 gxf6 25. Qh6 Rdc7 26. Re1 Qc5+ 27. Kh1 Rc1 28. Qxh7+ Kf8 29. Qh8# 1-0


[Site "https://www.chess.com"]

[Event "Titled Tuesday Blitz April 25 Late 2023"]
[White "Tymrakiewicz, Rafal"]
[Black "Belozerov, Andrei"]
[WhiteFideId "1108832"]
[BlackFideId "4120213"]
[WhiteElo "2151"]
[BlackElo "2373"]
[Result "1-0"]
[Round "04"]
[TimeControl "180+2"]
[Date "2023.04.25"]
[WhiteClock "0:01:50"]
[BlackClock "0:01:42"]

1. e4 c5 2. d4 cxd4 3. c3 dxc3 4. Nxc3 Nc6 5. Nf3 d6 6. Bc4 a6 7. O-O Nf6 8. Bf4 e6 9. Qe2 Qc7 10. Rac1 Ne5 11. Bxe5 dxe5 12. Nb5 Qb8 13. Nc7+ Qxc7 14. Bb5+ axb5 15. Rxc7 Bd6 16. Qxb5+ Bd7 17. Rxd7 Nxd7 18. Rd1 Ra6 19. Qxb7 1-0


[Site "https://www.chess.com"]

[Event "Titled Tuesday Blitz April 25 Late 2023"]
[White "Ismagilov, Damir"]
[Black "Ansh M Shah"]
[WhiteFideId "34199982"]
[BlackFideId "25033379"]
[WhiteElo "2078"]
[BlackElo "2084"]
[Result "1-0"]
[Round "04"]
[TimeControl "180+2"]
[Date "2023.04.25"]
[WhiteClock "0:01:05"]
[BlackClock "0:00:05"]

1. g4 d5 2. Bg2 c6 3. h3 h5 4. g5 h4 5. c4 e6 6. d4 dxc4 7. Nc3 a6 8. a4 a5 9. Nf3 Na6 10. O-O Ne7 11. Ne5 Nd5 12. g6 fxg6 13. Nxg6 Rg8 14. e4 Nf6 15. e5 Nd5 16. Qh5 Kd7 17. Ne4 Kc7 18. Bg5 Qe8 19. Qh7 Bb4 20. Nf6 Nxf6 21. exf6 Bd7 22. Bf4+ Kb6 23. Ne5 gxf6 24. Nxd7+ Ka7 25. Nxf6 Qg6 26. Qxg6 Rxg6 27. Ng4 c3 28. bxc3 Bxc3 29. Rad1 Nb4 30. Bd2 Bxd2 31. Rxd2 Rag8 32. Re1 b5 33. axb5 cxb5 34. Re5 Kb6 35. Rde2 a4 36. Rb2 Ka5 37. Bf1 Rb8 38. Re3 Nd5 39. Rf3 b4 40. Bc4 a3 41. Rxa3+ bxa3 42. Rxb8 Nb6 43. Ba2 Rg7 44. Kf1 Rc7 45. Bxe6 Rc6 46. Bg8 Rc1+ 47. Kg2 Rc2 48. Ne3 Rd2 49. Rxb6 a2 50. Nc4+ Ka4 51. Ra6+ Kb5 52. Nxd2 Kxa6 53. Bxa2 1-0


[Site "https://www.chess.com"]

[Event "Titled Tuesday Blitz April 25 Late 2023"]
[White "Fajdetic, Hrvoje"]
[Black "Ozates, Tuna"]
[WhiteFideId "14501945"]
[BlackFideId "6354521"]
[WhiteElo "2185"]
[BlackElo "2151"]
[Result "0-1"]
[Round "04"]
[TimeControl "180+2"]
[Date "2023.04.25"]
[WhiteClock "0:01:37"]
[BlackClock "0:02:31"]

1. d4 Nf6 2. Bf4 g6 3. Nc3 Bg7 4. e4 d6 5. Qd2 h5 6. O-O-O c6 7. f3 Qa5 8. Kb1 Be6 9. h4 Na6 10. Nh3 b5 11. Ng5 Bc4 12. e5 Nd5 13. Nxd5 Qxa2+ 0-1


[Site "https://www.chess.com"]

[Event "Titled Tuesday Blitz April 25 Late 2023"]
[White "Schuster, Karsten"]
[Black "Vlassov, Nikolai"]
[WhiteFideId "4611071"]
[BlackFideId "4103360"]
[WhiteElo "2294"]
[BlackElo "2324"]
[Result "1/2-1/2"]
[Round "04"]
[TimeControl "180+2"]
[Date "2023.04.25"]
[WhiteClock "0:00:18"]
[BlackClock "0:00:14"]

1. d4 Nf6 2. c4 Nc6 3. Nf3 e6 4. Nc3 Bb4 5. Qb3 a5 6. a3 a4 7. Qc2 Bxc3+ 8. Qxc3 d6 9. Bg5 h6 10. Bf4 Qe7 11. h3 O-O 12. e3 Re8 13. Be2 e5 14. dxe5 dxe5 15. Bg3 Ne4 16. Qc2 Nxg3 17. fxg3 Qc5 18. Kf2 e4 19. Nd2 Bf5 20. Rhd1 Re6 21. Nf1 Rf6 22. Kg1 Ne5 23. Rd4 Nd3 24. Bxd3 exd3 25. Qd2 Re8 26. Rf4 Qe5 27. g4 Be4 28. Rxf6 Qxf6 29. Ng3 Bg6 30. Rf1 Qe5 31. Rf3 c6 32. Nf5 Rd8 33. Nd4 Be4 34. Rf2 c5 35. Nf3 Qe6 36. Qc3 Kh7 37. Nd2 Bg6 38. Rf3 Rd6 39. Kf2 Qe7 40. e4 Bxe4 41. Re3 Qf6+ 42. Qxf6 Rxf6+ 43. Kg3 Bg6 44. h4 h5 45. g5 Rb6 46. Nf3 Rxb2 47. Re7 d2 48. Rd7 Rb3 49. Rxd2 Rxa3 50. Rd7 Rb3 51. Kf4 a3 52. Rd8 b5 53. cxb5 Rxb5 54. Ra8 Rb3 55. Ne5 Bb1 56. Nxf7 Rb4+ 57. Ke5 Re4+ 58. Kd6 a2 59. g6+ Kxg6 60. Ne5+ Rxe5 61. Kxe5 c4 62. Kd4 Kf5 63. Kxc4 Kg4 64. Kb3 Kxh4 65. Kb2 g5 66. Rg8 g4 67. Rh8 Kg5 68. g3 Kg6 69. Rg8+ Kf5 70. Rh8 Ke4 71. Rxh5 Kf3 72. Rg5 Kxg3 73. Rxg4+ Kxg4 74. Ka1 Kf4 75. Kb2 Ke5 76. Ka1 Kd4 77. Kb2 Kc4 78. Ka1 Kb3 1/2-1/2


[Site "https://www.chess.com"]

[Event "Titled Tuesday Blitz April 25 Late 2023"]
[White "Bueno, Alfeu Junior Varela"]
[Black "Toniutti, Ezio"]
[WhiteFideId "2108879"]
[BlackFideId "113034"]
[WhiteElo "2175"]
[BlackElo "2215"]
[Result "1-0"]
[Round "04"]
[TimeControl "180+2"]
[Date "2023.04.25"]
[WhiteClock "0:00:54"]
[BlackClock "0:01:50"]

1. e4 e5 2. Nc3 Nf6 3. f4 d5 4. fxe5 Nxe4 5. Qf3 f5 6. d3 Nf6 7. exf6 Qxf6 8. Nxd5 Qf7 9. Bf4 Na6 10. O-O-O Be6 11. Nc3 O-O-O 12. a3 Qf6 13. d4 Rxd4 14. Rxd4 Qxd4 15. Bxa6 bxa6 16. Nge2 Qc4 17. Qa8+ Kd7 18. Rd1+ Ke7 19. Nd4 1-0


[Site "https://www.chess.com"]

[Event "Titled Tuesday Blitz April 25 Late 2023"]
[White "Balague Camps, Marc"]
[Black "Novikov, Evgenij"]
[WhiteFideId "2297914"]
[BlackFideId "4125380"]
[WhiteElo "2089"]
[BlackElo "2242"]
[Result "0-1"]
[Round "04"]
[TimeControl "180+2"]
[Date "2023.04.25"]
[WhiteClock "0:02:30"]
[BlackClock "0:02:16"]

1. d4 d5 2. c4 e6 3. Nc3 Nf6 4. cxd5 exd5 5. Bg5 c6 6. e3 Qb6 7. Qc1 Ne4 8. Nxe4 dxe4 9. Bc4 Qa5+ 10. Kf1 Qxg5 11. h4 Qg6 12. h5 Qf6 13. Ne2 Be6 14. b3 Nd7 15. Ng3 Bd5 16. Qc2 Qe6 17. Rh4 f5 18. Rf4 g6 19. Ke2 Bd6 20. Rh4 Bxg3 21. fxg3 O-O-O 22. Rah1 g5 23. R4h2 Nb6 24. Rc1 f4 25. gxf4 gxf4 0-1


[Site "https://www.chess.com"]

[Event "Titled Tuesday Blitz April 25 Late 2023"]
[White "Szente Varga, Fruzsina"]
[Black "Kepeshchuk, Mykhaylo"]
[WhiteFideId "712264"]
[BlackFideId "14113139"]
[WhiteElo "1994"]
[BlackElo "2279"]
[Result "0-1"]
[Round "04"]
[TimeControl "180+2"]
[Date "2023.04.25"]
[WhiteClock "0:00:19"]
[BlackClock "0:00:15"]

1. e4 c5 2. Nf3 d6 3. d4 cxd4 4. Qxd4 Nc6 5. Bb5 Bd7 6. Qd3 Nf6 7. c4 g6 8. Nc3 Bg7 9. O-O O-O 10. h3 a6 11. Bxc6 Bxc6 12. Nd4 Qd7 13. f4 Rfc8 14. Be3 b5 15. cxb5 axb5 16. a3 Rab8 17. Rad1 b4 18. axb4 Rxb4 19. Nxc6 Qxc6 20. e5 dxe5 21. fxe5 Ne8 22. Nd5 Rb7 23. Bg5 Qe6 24. Qf3 Bxe5 25. Nxe7+ Rxe7 26. Bxe7 Qxe7 27. Rde1 f6 28. Kh1 Kg7 29. b3 Nd6 30. Rc1 Rb8 31. Rc6 Nf5 32. Qd5 Ng3+ 33. Kg1 Qa7+ 34. Rc5 Nxf1 35. Kxf1 Qa1+ 36. Kf2 Qb2+ 37. Kg1 Qxb3 38. Qd7+ Qf7 39. Qd1 Rb2 40. Rd5 Rb7 41. Qd2 Re7 42. g4 h5 43. gxh5 g5 44. Qe2 Qxd5 0-1


[Site "https://www.chess.com"]

[Event "Titled Tuesday Blitz April 25 Late 2023"]
[White "Freile Martin, Javier"]
[Black "Jimenez Almeida, Luis David"]
[WhiteFideId "3600165"]
[BlackFideId "22242244"]
[WhiteElo "2320"]
[BlackElo "2245"]
[Result "0-1"]
[Round "04"]
[TimeControl "180+2"]
[Date "2023.04.25"]
[WhiteClock "0:01:19"]
[BlackClock "0:01:51"]

1. c4 g6 2. d4 Bg7 3. e4 c5 4. d5 b5 5. Nf3 d6 6. Na3 b4 7. Nc2 Nf6 8. Bd3 O-O 9. h3 a5 10. O-O a4 11. e5 dxe5 12. Nxe5 Nfd7 13. Nc6 Nxc6 14. dxc6 Ne5 15. Be4 Qxd1 16. Rxd1 Nxc4 17. Bg5 Nxb2 18. Bxe7 Nxd1 19. Rxd1 Re8 20. Bxc5 b3 21. axb3 axb3 22. c7 bxc2 23. Bxc2 Ra1 24. Rxa1 Bxa1 25. Ba4 Re1+ 26. Kh2 Be5+ 0-1


[Site "https://www.chess.com"]

[Event "Titled Tuesday Blitz April 25 Late 2023"]
[White "Jarocka, Liwia"]
[Black "Mortazavi, Ali"]
[WhiteFideId "21807558"]
[BlackFideId "401323"]
[WhiteElo "2013"]
[BlackElo "2339"]
[Result "0-1"]
[Round "04"]
[TimeControl "180+2"]
[Date "2023.04.25"]
[WhiteClock "0:02:29"]
[BlackClock "0:02:29"]

1. d4 Nf6 2. Nf3 g6 3. g3 Bg7 4. Bg2 O-O 5. O-O d6 6. b3 a5 7. a4 c6 8. Bb2 Na6 9. Nbd2 d5 10. c4 Nb4 11. Ne5 Bf5 12. Rc1 Rc8 13. Rc2 Bxc2 0-1


[Site "https://www.chess.com"]

[Event "Titled Tuesday Blitz April 25 Late 2023"]
[White "Rosenberg, Evan S"]
[Black "Omelja, Artem"]
[WhiteFideId "2019299"]
[BlackFideId "14119846"]
[WhiteElo "1956"]
[BlackElo "2404"]
[Result "1/2-1/2"]
[Round "04"]
[TimeControl "180+2"]
[Date "2023.04.25"]
[WhiteClock "0:00:09"]
[BlackClock "0:00:12"]

1. d4 Nf6 2. Nf3 e6 3. g3 b6 4. Bg2 Bb7 5. O-O d5 6. c4 Be7 7. cxd5 exd5 8. Nc3 O-O 9. Bf4 Ne4 10. Rc1 Nxc3 11. Rxc3 c5 12. Ne5 Nd7 13. Nxd7 Qxd7 14. dxc5 Bxc5 15. Rd3 Rad8 16. Bg5 f6 17. Be3 Bxe3 18. Rxe3 d4 19. Rd3 Bxg2 20. Kxg2 Rfe8 21. Qb3+ Qd5+ 22. Qxd5+ Rxd5 23. Kf3 Rde5 24. Re1 Re4 25. Rd2 h5 26. h4 Kh7 27. Rc1 R8e7 28. Rc4 Kg6 29. Rcxd4 R4e5 30. e3 Rc5 31. Rd7 Rxd7 32. Rxd7 Rc2 33. Rxa7 Rxb2 34. a4 Ra2 35. Rb7 Kh6 36. Rxb6 Rxa4 37. e4 Ra3+ 38. Kf4 Ra5 39. f3 Kg6 40. g4 hxg4 41. fxg4 Ra1 42. h5+ Kh7 43. Rb7 Rf1+ 44. Kg3 Re1 45. Re7 Kh6 46. Kf4 Rf1+ 47. Ke3 Rg1 48. Kf3 Rf1+ 49. Kg2 Ra1 50. e5 fxe5 51. Rxe5 Ra3 52. Rf5 Rb3 53. Kf2 Rb6 54. Re5 g6 55. Kg3 gxh5 56. Rxh5+ Kg7 57. Kh4 Kg8 58. Ra5 Rb8 59. Ra7 Kh8 60. Kh5 Kg8 61. g5 Kh8 62. Kh6 Kg8 63. g6 Rc8 64. Rg7+ Kh8 65. Rd7 Ra8 66. Kg5 Ra5+ 67. Kf6 Ra6+ 68. Kf7 Ra8 69. g7+ Kh7 70. Re7 Rb8 71. Rd7 Ra8 72. Rc7 Rb8 73. Re7 Ra8 74. Re1 Ra7+ 75. Kf8 Ra8+ 76. Kf7 Ra7+ 77. Kf6 Rxg7 78. Rh1+ Kg8 79. Ra1 Rg2 80. Ra8+ Kh7 81. Ra7+ Kh6 82. Ra1 1/2-1/2


[Site "https://www.chess.com"]

[Event "Titled Tuesday Blitz April 25 Late 2023"]
[White "Gonzalez, Francisco Silva"]
[Black "Rios Escobar, Adan"]
[WhiteFideId "1512285"]
[BlackFideId "3403645"]
[WhiteElo "2074"]
[BlackElo "2234"]
[Result "1-0"]
[Round "04"]
[TimeControl "180+2"]
[Date "2023.04.25"]
[WhiteClock "0:00:30"]
[BlackClock "0:00:06"]

1. d4 Nf6 2. c4 g6 3. Nc3 Bg7 4. e4 d6 5. f3 O-O 6. Be3 a6 7. Qd2 c6 8. Bh6 b5 9. h4 bxc4 10. h5 Ra7 11. hxg6 fxg6 12. Bxc4+ d5 13. Bb3 Rf7 14. e5 Nh5 15. Nge2 Bxh6 16. Qxh6 Qf8 17. Qg5 Rf5 18. Qd2 Nf4 19. Nxf4 Rxf4 20. O-O-O Nd7 21. Ne2 Rf7 22. f4 Nb6 23. Rh4 a5 24. a4 Bf5 25. Rdh1 Nc4 26. Qc3 Be6 27. g4 Rb7 28. f5 gxf5 29. Nf4 Bc8 30. Bxc4 dxc4 31. Qxc4 e6 32. Nxe6 Bxe6 33. Qxe6 Kh8 34. g5 Rbe7 35. Qg6 Rg7 36. Qf6 Rf7 37. Rxh7+ Kg8 38. g6 Rxh7 39. gxh7+ Rxh7 40. Qxf8+ Kxf8 41. Rxh7 f4 42. Rh6 Ke7 43. Rf6 f3 44. Rxc6 Kd7 45. Rf6 Ke7 46. b4 f2 47. Rxf2 axb4 48. d5 b3 49. Kb2 Kd7 50. Rf7+ Ke8 51. Re7+ Kd8 52. Kxb3 Kxe7 53. a5 Kd7 54. a6 Kc7 55. Kb4 Kb6 56. d6 Kxa6 57. e6 Kb7 58. e7 Kc8 59. e8=Q+ Kb7 60. Qd7+ Kb6 61. Qb5+ Ka7 62. d7 Ka8 63. d8=Q+ Ka7 64. Qc7+ Ka8 65. Qa6# 1-0


[Site "https://www.chess.com"]

[Event "Titled Tuesday Blitz April 25 Late 2023"]
[White "Baches Garcia, Guillermo"]
[Black "Bogaudinov, Rushan"]
[WhiteFideId "2209764"]
[BlackFideId "4129288"]
[WhiteElo "2334"]
[BlackElo "1967"]
[Result "1-0"]
[Round "04"]
[TimeControl "180+2"]
[Date "2023.04.25"]
[WhiteClock "0:00:46"]
[BlackClock "0:00:19"]

1. e4 c5 2. Nf3 e6 3. d4 cxd4 4. Nxd4 a6 5. c4 Nc6 6. Nc3 Bb4 7. Nxc6 dxc6 8. Qxd8+ Kxd8 9. Be3 Kc7 10. O-O-O Bxc3 11. bxc3 e5 12. Bc5 f6 13. Bd6+ Kb6 14. c5+ Ka7 15. Bf8 Bg4 16. Bxg7 Bxd1 17. Bxh8 Bh5 18. Bc4 Bg6 19. f3 h5 20. Rd1 h4 21. Rd7 h3 22. g4 Re8 23. Kd2 Re7 24. Rxe7 Nxe7 25. Bxf6 Nc8 26. Be6 1-0


[Site "https://www.chess.com"]

[Event "Titled Tuesday Blitz April 25 Late 2023"]
[White "Lorenzo De La Riva, Lazaro"]
[Black "Marchesich, Giovanni"]
[WhiteFideId "2268809"]
[BlackFideId "2824790"]
[WhiteElo "2294"]
[BlackElo "2209"]
[Result "1/2-1/2"]
[Round "04"]
[TimeControl "180+2"]
[Date "2023.04.25"]
[WhiteClock "0:00:08"]
[BlackClock "0:00:03"]

1. e4 e5 2. Nc3 Nf6 3. g3 Bc5 4. Bg2 c6 5. Nge2 d5 6. exd5 cxd5 7. d4 exd4 8. Nxd4 O-O 9. O-O Nc6 10. Nxc6 bxc6 11. Na4 Bd6 12. c4 dxc4 13. Qc2 Be6 14. Rd1 Qc7 15. a3 Rad8 16. Be3 Bd5 17. Nc3 Bxg2 18. Kxg2 Rfe8 19. Ne2 Nd5 20. Bd4 c5 21. Bc3 Qc6 22. Kg1 Re6 23. Qd2 Bc7 24. Qg5 f6 25. Qg4 Red6 26. Re1 Nxc3 27. Nxc3 Rd4 28. Qh5 g6 29. Qh6 Be5 30. Re2 Qd7 31. Rae1 Rd2 32. f4 Rxe2 33. Rxe2 Bxc3 34. bxc3 Qd1+ 35. Kf2 Rd2 36. Rxd2 Qxd2+ 37. Kf3 Qxc3+ 38. Kg4 Qd4 39. Kh3 c3 40. f5 Qd7 41. g4 c2 42. fxg6 Qg7 43. Qd2 Qxg6 44. Qd8+ Kg7 45. Qe7+ Qf7 46. Qe3 Qc4 47. Qe7+ Kg8 48. Qe8+ Kg7 49. Qe7+ Qf7 50. Qe3 Qc4 51. Qe7+ 1/2-1/2


[Site "https://www.chess.com"]

[Event "Titled Tuesday Blitz April 25 Late 2023"]
[White "Lopez Gracia, Fernando"]
[Black "Harish, Neeraj"]
[WhiteFideId "2207184"]
[BlackFideId "30958130"]
[WhiteElo "2255"]
[BlackElo "1965"]
[Result "1/2-1/2"]
[Round "04"]
[TimeControl "180+2"]
[Date "2023.04.25"]
[WhiteClock "0:00:09"]
[BlackClock "0:00:18"]

1. Nf3 d5 2. g3 Nf6 3. Bg2 e6 4. c4 Be7 5. d4 O-O 6. O-O dxc4 7. Qc2 a6 8. a4 Bd7 9. Ne5 Bc6 10. Nxc6 Nxc6 11. Bxc6 bxc6 12. Qxc4 Qd5 13. Qxd5 cxd5 14. Bf4 c5 15. dxc5 Bxc5 16. Nc3 Rac8 17. Rac1 d4 18. Na2 Nd5 19. Bd2 Be7 20. Rxc8 Rxc8 21. Rc1 Rxc1+ 22. Nxc1 Kf8 23. Nd3 Ke8 24. b4 f6 25. f4 Kd7 26. Kf2 Bd6 27. Ke1 e5 28. fxe5 fxe5 29. b5 axb5 30. axb5 e4 31. Nf4 Nxf4 32. gxf4 Kc7 33. e3 d3 34. Ba5+ Kb7 35. Kd2 Bc7 36. Bb4 Kb6 37. f5 Kxb5 38. Bf8 Be5 39. h3 Kc4 40. Be7 Bc3+ 41. Kd1 Kb3 42. Bc5 g6 43. fxg6 hxg6 44. Bd6 Kc4 45. Bg3 Kd5 46. Bc7 Ke6 47. Bf4 Kf5 48. Bh6 g5 49. Bf8 Kg6 50. Be7 Kh5 51. Kc1 Kh4 52. Kd1 Kxh3 53. Bxg5 Kg2 54. Bf4 Kf2 55. Bh6 Kf3 56. Bg5 Kg4 57. Bh6 Kf5 58. Bf4 Ke6 59. Bh6 Kd5 60. Bf4 Kc4 61. Bg5 Ba5 62. Bh4 Kb3 63. Bg3 d2 64. Be5 Bb4 65. Bd4 Bc3 66. Bb6 Kc4 67. Kc2 Bb4 68. Bd4 Ba5 69. Ba7 Kd5 70. Bd4 Ke6 71. Kd1 Kd5 72. Kc2 Ke6 73. Kd1 Kf5 74. Ke2 Kg4 75. Bc5 Bc3 76. Bb6 Kg3 77. Bc7+ Kh3 78. Bb6 Kg2 79. Bc5 Ba5 80. Bd4 Bb4 81. Bb6 Bc3 82. Bc5 Ba5 83. Bd4 Kg3 84. Bc5 Kg4 85. Bd4 Kf5 86. Bc5 Ke6 87. Bd4 Bb4 88. Kd1 Ba5 89. Ke2 Kd5 90. Kd1 Bb4 91. Kc2 Ba5 92. Ba7 Kc4 93. Bd4 Bb4 94. Bb6 Bc3 95. Ba7 Ba5 96. Bd4 Kd5 97. Ba7 Ke6 98. Bd4 Kf5 99. Kd1 Kg4 100. Ke2 Kg3 101. Bc5 Kg2 1/2-1/2


[Site "https://www.chess.com"]

[Event "Titled Tuesday Blitz April 25 Late 2023"]
[White "Tsyhanchuk, Stanislav"]
[Black "Pinto, Daniel"]
[WhiteFideId "13505130"]
[BlackFideId "3303144"]
[WhiteElo "2173"]
[BlackElo "2145"]
[Result "1-0"]
[Round "04"]
[TimeControl "180+2"]
[Date "2023.04.25"]
[WhiteClock "0:00:21"]
[BlackClock "0:00:06"]

1. c4 c5 2. Nc3 Nc6 3. g3 g6 4. Bg2 Bg7 5. a3 a5 6. e4 e5 7. Nge2 Nge7 8. O-O O-O 9. Rb1 d6 10. Nd5 Nxd5 11. exd5 Ne7 12. b4 axb4 13. axb4 b6 14. d3 h6 15. Nc3 f5 16. bxc5 bxc5 17. Bd2 g5 18. Nb5 f4 19. Be4 Bh3 20. Re1 Qd7 21. f3 fxg3 22. hxg3 g4 23. Kf2 gxf3 24. Rh1 Ra2 25. Rh2 h5 26. Rc1 Rfa8 27. Kg1 Bg4 28. Bxf3 Bxf3 29. Qxf3 Qg4 30. Qxg4 hxg4 31. Nxd6 Rd8 32. Ne4 Nf5 33. Rf2 Nd4 34. Ng5 Bh6 35. Rcf1 Bxg5 36. Bxg5 Re8 37. Rxa2 Nf3+ 38. Rxf3 gxf3 39. Kf2 e4 40. dxe4 1-0


[Site "https://www.chess.com"]

[Event "Titled Tuesday Blitz April 25 Late 2023"]
[White "Leschinsky, Gary"]
[Black "Yeritsyan, Hayk"]
[WhiteFideId "30951321"]
[BlackFideId "13307320"]
[WhiteElo "1855"]
[BlackElo "2241"]
[Result "0-1"]
[Round "04"]
[TimeControl "180+2"]
[Date "2023.04.25"]
[WhiteClock "0:00:08"]
[BlackClock "0:00:09"]

1. c4 c6 2. d4 d5 3. Nf3 Nf6 4. Nc3 e6 5. cxd5 exd5 6. Qc2 Bd6 7. Bg5 Bg4 8. Ne5 Bh5 9. e3 Bg6 10. Nxg6 hxg6 11. h3 Rh5 12. h4 Nbd7 13. Be2 Rh8 14. O-O-O Qe7 15. Kb1 Qe6 16. Bf3 O-O-O 17. Rc1 Kb8 18. Ka1 Nb6 19. Be2 Rde8 20. Bd3 Ne4 21. Bf4 Bxf4 22. exf4 Nxc3 23. bxc3 Qf6 24. g3 Rc8 25. Rhe1 c5 26. Qb2 c4 27. Bf1 Rhe8 28. Bh3 Rcd8 29. Rb1 Qc6 30. Re5 f6 31. Ree1 Rxe1 32. Rxe1 Re8 33. Qd2 Na4 34. Bg2 Rxe1+ 35. Qxe1 Qb5 36. Qd2 a6 37. Bf1 Ka7 38. Be2 Qa5 39. Bf3 Qxc3+ 40. Qxc3 Nxc3 41. Kb2 Na4+ 42. Kc2 Nb6 43. g4 Kb8 44. g5 f5 45. h5 gxh5 46. Bxh5 Nc8 47. Bf7 Ne7 48. Kc3 Kc7 49. Kb4 Kc6 50. a4 b6 51. a5 b5 52. Be6 Kd6 53. Bf7 Nc6+ 54. Kc3 Nxa5 55. Bg6 Ke6 56. Be8 Nb7 57. Bc6 Nd8 58. Be8 Kd6 59. Kb4 Nc6+ 60. Kc3 g6 61. Bxg6 b4+ 62. Kc2 Nxd4+ 63. Kd2 Ne6 64. Bxf5 Nxf4 65. g6 Ke7 66. Ke3 Nh5 67. Bc8 a5 68. f4 Kf6 69. f5 Ng7 70. Kd2 d4 71. Kc2 d3+ 72. Kd2 b3 73. Ba6 b2 0-1


[Site "https://www.chess.com"]